 Dungeon Crawl Stone Soup version 0.19.4-8-ga85b6b9 (webtiles) character file.

367 LORDOFBUTT the Vexing (level 6, -2/28 HPs)
             Began as a Spriggan Enchanter on Feb 11, 2017.
             Slain by a hobgoblin
             ... wielding a +0 club
              (3 damage)
             ... on level 4 of the Dungeon.
             The game lasted 00:09:29 (4991 turns).

LORDOFBUTT the Vexing (Spriggan Enchanter)          Turns: 4991, Time: 00:09:30

Health: -2/28      AC:  3    Str:  6    XL:     6   Next: 41%
Magic:  12/15      EV: 18    Int: 17    God:
Gold:   104        SH:  0    Dex: 16    Spells: 4 memorised, 7 levels left

rFire  . . .     SeeInvis +     a - +1 dagger
rCold  . . .     Gourm    .     b - +1 robe
rNeg   . . .     Faith    .     (shield restricted)
rPois  .         Spirit   .     (helmet restricted)
rElec  .         Reflect  .     (no cloak)
rCorr  .         Harm     .     (gloves unavailable)
MR     +....                    (boots unavailable)
Stlth  +++.......               (no amulet)
                                (no ring)
                                (no ring)

@: very slightly contaminated, very quick
A: unfitting armour, see invisible, herbivore 3, speed 3, slow metabolism 2
a: no special abilities


You were on level 4 of the Dungeon.
You were full.

You visited 1 branch of the dungeon, and saw 4 of its levels.

You collected 104 gold pieces.

Inventory:

Hand Weapons
 a - a +1 dagger (weapon)
 n - the +4 hand axe of Hoizxyff {drain, SInv}
   (You found it on level 4 of the Dungeon)

   A truly terrible weapon, it drains the life of those it strikes.
   It lets you see invisible.
Armour
 b - a +1 robe (worn)
Jewellery
 i - an uncursed amulet of faith {unknown}
Scrolls
 e - a scroll of amnesia
 f - a scroll of magic mapping {unknown}
 g - a scroll of teleportation
 j - a scroll of random uselessness {unknown}
 k - a scroll of fear {unknown}
 l - a scroll of remove curse
 o - a scroll of enchant weapon {unknown}
 p - 2 scrolls of recharging
Potions
 m - a potion of curing {unknown}
Books
 c - a book of Maledictions

   Spells                             Type                      Level
   a - Corona                         Hexes                        1
   b - Ensorcelled Hibernation        Hexes/Ice                    2
   c - Confuse                        Hexes                        3
   d - Tukima's Dance                 Hexes                        3
   e - Dazzling Spray                 Conjuration/Hexes            3
Comestibles
 d - a bread ration


   Skills:
 + Level 1.5 Short Blades
 - Level 3.0 Dodging
 - Level 4.6 Stealth
 * Level 5.7 Spellcasting
 * Level 6.3 Hexes
 - Level 1.3 Ice Magic


You had 7 spell levels left.
You knew the following spells:

 Your Spells              Type           Power        Failure   Level  Hunger
a - Corona                Hex            ####...      1%          1    None
b - Ensorcelled Hibernat  Hex/Ice        ###...       4%          2    #......
c - Confuse               Hex            ####....     3%          3    ##.....
d - Tukima's Dance        Hex            ####....     3%          3    ##.....


Dungeon Overview and Level Annotations

Branches:
Dungeon (4/15)
 Temple: D:4-7

Altars:
Fedhas
Trog
Yredelemnul
Zin

Annotations:
D:4 kon345's ghost, novice DrIE


Innate Abilities, Weirdness & Mutations

You are very small and have problems with some larger weapons.
You are too small for most types of armour.
You have supernaturally acute eyesight. (SInv)
You are a herbivore.
You cover ground extremely quickly.
You need consume almost no food.


Message History

You barely miss the hobgoblin. The hobgoblin hits you with a club.
You hit the hobgoblin.
The hobgoblin is heavily wounded.
The hobgoblin hits you with a club. The orc hits you with a falchion.
* * * LOW HITPOINT WARNING * * *
You hit the hobgoblin.
The hobgoblin is severely wounded.
The hobgoblin misses you. The orc hits you but does no damage.
You closely miss the hobgoblin.
The hobgoblin is severely wounded.
The hobgoblin hits you with a club.
* * * LOW HITPOINT WARNING * * *
The orc closely misses you.
Blink to where?
Press: ? - help, Dir - move target cursor You are very lightly contaminated with residual magic.
As you read the scroll of blinking, it crumbles to dust.
There is a stone staircase leading up here.
The hobgoblin hits you with a club.
You die...

.# ##. #.. ####
#.######..#
#.##......#
##.#....<.##
#######......####
.......@.##.##
.#############g.##.#
.........WSo§..###.#
#####.).#####....###
##.....#)....#......#
#..########.........#
#.## ##†###.....# #o#
....# #........ #.#
.##### #####.###


You could see a hobgoblin.

Vanquished Creatures
  2 big kobolds (D:3)
  A howler monkey (D:4)
  A bullfrog skeleton (D:3)
  4 adders
  3 gnolls (D:4)
  An ooze (D:2)
  A worm (D:3)
  A dart slug (D:1)
  2 leopard geckos (D:1)
  An orc (D:3)
  4 giant cockroaches
  11 goblins
  11 hobgoblins
  14 kobolds
  3 quokkas
  8 bats
  7 frilled lizards
  5 rats
80 creatures vanquished.

Vanquished Creatures (collateral kills)
  An orc priest (D:3)
  An orc wizard (D:3)
  2 orcs (D:3)
  A hobgoblin (D:3)
5 creatures vanquished.

Vanquished Creatures (others)
  A dancing weapon (D:3)
1 creature vanquished.

Grand Total: 86 creatures vanquished

Notes
Turn   | Place    | Note
-------+----------+-------------------------------------------
     0 | D:1      | LORDOFBUTT the Spriggan Enchanter began the quest for the Orb.
     0 | D:1      | Reached XP level 1. HP: 9/9 MP: 5/5
   330 | D:1      | Reached XP level 2. HP: 6/13 MP: 7/7
   395 | D:1      | Reached skill level 4 in Hexes
   985 | D:2      | Learned a level 2 spell: Ensorcelled Hibernation
  1063 | D:2      | Found a basalt altar of Yredelemnul.
  1063 | D:2      | Found a bloodstained altar of Trog.
  1064 | D:2      | Found a blossoming altar of Fedhas.
  1113 | D:2      | Reached XP level 3. HP: 11/16 MP: 0/9
  2370 | D:2      | Reached XP level 4. HP: 16/21 MP: 11/11
  2433 | D:2      | Learned a level 3 spell: Confuse
  2437 | D:2      | Learned a level 3 spell: Tukima's Dance
  2612 | D:3      | Reached skill level 5 in Hexes
  2896 | D:3      | Noticed a big kobold
  2897 | D:3      | Noticed a big kobold
  3004 | D:3      | Reached XP level 5. HP: 13/24 MP: 5/13
  3161 | D:3      | Found a glowing silver altar of Zin.
  3514 | D:3      | Reached skill level 5 in Spellcasting
  3514 | D:3      | Reached skill level 1 in Ice Magic
  4580 | D:3      | Reached skill level 6 in Hexes
  4580 | D:3      | Reached XP level 6. HP: 10/28 MP: 8/15
  4953 | D:4      | Noticed kon345's ghost (novice DrIE)
  4976 | D:4      | Got a steaming hand axe
  4978 | D:4      | Identified the +4 hand axe of Hoizxyff {drain, SInv} (You found it on level 4 of the Dungeon)
  4988 | D:4      | HP: 1/28 [hobgoblin/club (5)]
  4991 | D:4      | Slain by a hobgoblin

Skill      XL: |  1  2  3  4  5 |
---------------+----------------+-----
Spellcasting   | 3 4 5 |  5.7
Hexes          | 4 5 6 |  6.3
Ice Magic      | 1 |  1.3
Short Blades   | |  1.5
Dodging        | |  3.0
Stealth        | |  4.6

Action                   |  1- 3 |  4- 6 || total
-------------------------+-------+-------++-------
Melee: Dagger            |   176 |   223 ||   399
       Hand axe          |       |     1 ||     1
 Cast: Ensorcelled Hiber |     6 |    31 ||    37
       Tukima's Dance    |       |     5 ||     5
       Confuse           |       |     8 ||     8
  Use: Potion            |     3 |     1 ||     4
       Scroll            |     4 |     4 ||     8
 Stab: Sleeping          |    13 |    14 ||    27
       Distracted        |     1 |     1 ||     2
       Confused          |       |     2 ||     2
  Eat: Fruit             |       |     2 ||     2
       Pizza             |       |     1 ||     1
       Bread ration      |       |     1 ||     1
Armor: Robe              |    12 |    19 ||    31
Dodge: Dodged            |   163 |   188 ||   351
